 Dungeon Crawl Stone Soup version 0.27-a0-1189-gb8eb6cee8e (webtiles) character file.

Game seed: 9947001215950918471

52 polve the Cutter (level 3, 0/19 HPs)
             Began as a Vine Stalker Fighter on May 22, 2021.
             Slain by a goblin
             ... wielding a +0 club
             ... led by Robin
              (2 damage)
             ... on level 2 of the Dungeon.
             The game lasted 00:00:54 (1097 turns).

polve the Cutter (Vine Stalker Fighter)             Turns: 1097, Time: 00:00:54

Health: 0/19       AC:  6    Str: 18    XL:     3   Next: 85%
Magic:  0/4        EV:  7    Int:  8    God:
Gold:   53         SH:  9    Dex: 14    Spells: 2/2 levels left

rFire    . . .     SeeInvis .   a - +0 rapier
rCold    . . .     Faith    .   c - +0 kite shield
rNeg     . . .     Spirit   +   b - +0 scale mail
rPois    .         Reflect  .   (no helmet)
rElec    .         Harm     .   (no cloak)
rCorr    .         Rampage  .   (no gloves)
Will     .....                  (no boots)
Stlth    ..........             (no amulet)
HPRegen  0.06/turn              (no ring)
MPRegen  0.09/turn              (no ring)

@: no status effects
A: fangs 2, magic shield, antimagic bite, no potion heal 2
a: no special abilities


You were on level 2 of the Dungeon.
You visited 1 branch of the dungeon, and saw 2 of its levels.

You collected 53 gold pieces.

Inventory:

Hand Weapons
 a - a +0 rapier (weapon)
Armour
 b - a +0 scale mail (worn)
 c - a +0 kite shield (worn)
Scrolls
 e - a scroll of enchant armour {unknown}
 f - a scroll of blinking {unknown}
 h - a scroll of immolation {unknown}
 i - a scroll of identify {unknown}
Potions
 d - a potion of might
 g - a potion of heal wounds {unknown}
 j - a potion of lignification {unknown}


   Skills:
 - Level 2.6 Fighting
 + Level 3.6 Short Blades
 - Level 2.4 Armour
 - Level 2.6 Shields


You had 2 spell levels left.
You didn't know any spells.
Your spell library contained the following spells:

 Spells                   Type           Power      Damage    Failure   Level
 Magic Dart               Conj           0%         1d3       100%        1
 Searing Ray              Conj           0%         3d3       100%        2
 Dazzling Flash           Conj/Hex       0%         N/A       100%        3
 Fulminant Prism          Conj/Hex       0%         3d6       100%        4
 Iskenderun's Mystic Bla  Conj/Tloc      0%         2d3       100%        4


Dungeon Overview and Level Annotations

Branches:
Dungeon (2/15)

Altars:

Annotations:
D:2 Robin


Innate Abilities, Weirdness & Mutations

You have extremely sharp teeth.
When hurt, damage is shared between your health and your magic reserves.
Your bite disrupts and absorbs the magic of your enemies.
Potions cannot restore your health.


Message History

Robin is moderately wounded.
You block Robin's attack.
You hit Robin. You bite Robin. You drain their power.
You feel invigorated.
Robin is severely wounded.
Robin throws the goblin at you!
A hobgoblin comes into view.
Robin hits you but does no damage. The goblin hits you with a +0 dagger.
Your shield prevents you from hitting Robin.
You bite Robin, but do no damage.
Robin is severely wounded.
You block the goblin's attack. You block Robin's attack.
The goblin no longer looks unusually strong.
You block the goblin's attack. Robin throws the goblin at you!
The goblin barely misses you.
You barely miss the goblin. Your bite misses the goblin.
You block the goblin's attack.
You puncture the goblin!
You kill the goblin!
You hit Robin but do no damage.
Robin is severely wounded.
A goblin comes into view. It is wielding a +0 club.
Robin roars a battlecry!
The goblins go into a battle-frenzy!
You barely miss Robin.
Robin is severely wounded.
Robin closely misses you. The hobgoblin hits you.
You closely miss Robin.
Robin is severely wounded.
Robin closely misses you. The hobgoblin hits you.
* * * LOW HITPOINT WARNING * * *
You barely miss Robin. You bite Robin, but do no damage.
Robin is severely wounded.
You block Robin's attack. Robin barely misses you.
You hit Robin but do no damage.
Robin is severely wounded.
Robin hits you with a +0 falchion.
* * * LOW HITPOINT WARNING * * *
Okay, then.
Robin throws the goblin at you! The goblin hits you with a +0 club.
You die...

### #.. #.# #.# #.# #.#
####g# ..##@# #g##.# #.
#)##g# #.#######.
####)##.######.##..... .
#......g.....#.##.......
#.##.##[...........##...
# #.#######)#.#........
#.# #.#.....##... #..
#.#.>........


You could see Robin, a hobgoblin (strong) and a goblin (strong).

Vanquished Creatures
  A gnoll (D:1)
  A dart slug (D:1)
  2 ball pythons
  A bat (D:1)
  3 endoplasms
  2 giant cockroaches (D:1)
  7 goblins
  5 hobgoblins
  4 jackals (D:1)
  2 kobolds
  2 quokkas
  2 frilled lizards (D:1)
  A rat (D:1)
33 creatures vanquished.

Notes
Turn   | Place    | Note
-------+----------+-------------------------------------------
     0 | D:1      | polve the Vine Stalker Fighter began the quest for the Orb.
     0 | D:1      | Reached XP level 1. HP: 11/11 MP: 2/2
    26 | D:1      | Reached skill level 2 in Short Blades
    65 | D:1      | Reached XP level 2. HP: 16/16 MP: 3/3
   219 | D:1      | Reached skill level 3 in Short Blades
   310 | D:1      | Reached XP level 3. HP: 15/19 MP: 2/4
   969 | D:1      | You fall into a shaft and drop 1 floor!
  1074 | D:2      | Noticed Robin
  1097 | D:2      | Slain by a goblin

Illustrated notes

Levels and vault maps discovered:
D:1:      dpeg_arrival_orchard, layout_basic, minmay_tromino_v7
D:2:      layout_loops_ring, shapermc_ecumenical_altar_starsandcircs,
          basic_altar, uniq_sigmund, uniq_robin

Skill      XL: |  1  2 |
---------------+-------+-----
Short Blades   | 2 3 |  3.6
Fighting       | |  2.6
Armour         | |  2.4
Shields        | |  2.6

Action                   || total
-------------------------++-------
Melee: Rapier            ||   108
       Bite              ||    30
Armor: Scale mail        ||    36
Dodge: Dodged            ||    30
Block: Kite shield       ||    52

Table legend: (Time is in decaauts)
 A = Elapsed time spent in this place.
 B = Non-inter-level travel time spent in this place.
 C = Inter-level travel time spent in this place.
 D = Time resting spent in this place.
 E = Time spent auto-exploring this place.
 F = Levels seen in this place.
 G = Mean time per level.
                   A        B        C        D        E       F      G
               +--------+--------+--------+--------+--------+-----+--------+
         Total |   1128 |   1128 |      0 |      0 |    916 |   2 |  564.0 |
       Dungeon |   1128 |   1128 |      0 |      0 |    916 |   2 |  564.0 |
               +--------+--------+--------+--------+--------+-----+--------+

Top non-repeatable levels by time:
     D:1: 992 daAuts
     D:2: 136 daAuts
